 Dungeon Crawl Stone Soup version 0.23-a0-310-gdcc7a32 (console) character file.

86 nht the Ruffian (level 4, -1/35 HPs)
             Began as a Draconian Transmuter on Oct 12, 2018.
             Slain by an orc
             ... wielding a +2 flail of protection
              (2 damage)
             ... on level 3 of the Dungeon.
             The game lasted 00:03:12 (1968 turns).

nht the Ruffian (Draconian Transmuter)              Turns: 1968, Time: 00:03:13

Health: -1/35      AC:  5    Str: 12    XL:     4   Next: 26%
Magic:  7/7        EV: 11    Int: 15    God:
Gold:   93         SH:  3    Dex: 11    Spells: 1/7 levels left

rFire    . . .     SeeInvis .     - Unarmed
rCold    . . .     Gourm    .   i - +0 buckler
rNeg     . . .     Faith    .   (armour unavailable)
rPois    .         Spirit   .   (helmet restricted)
rElec    .         Reflect  .   (no cloak)
rCorr    .         Harm     .   (no gloves)
MR       .....                  (no boots)
Stlth    +.........             (no amulet)
HPRegen  0.11/turn              (no ring)
MPRegen  0.10/turn              (no ring)

@: appendage (expiring)
A: unfitting armour, horns 2, cold-blooded, AC +5
a: End Transformation


You were on level 3 of the Dungeon.
You were not hungry.
You had grown temporary horns.
You visited 1 branch of the dungeon, and saw 3 of its levels.

You collected 93 gold pieces.

Inventory:

Missiles
 a - 12 arrows
Armour
 i - a +0 buckler (worn)
Scrolls
 d - a scroll of teleportation {unknown}
 f - 2 scrolls of identify {unknown}
 l - a scroll of random uselessness {unknown}
Potions
 e - 3 potions of berserk rage {unknown}
 g - 4 potions of curing
 h - a potion of magic {unknown}
 j - a potion of lignification {unknown}
 k - a potion of brilliance {unknown}
 m - a potion of cancellation {unknown}
Comestibles
 b - a chunk of flesh
 c - 6 rations


   Skills:
 - Level 1.1 Fighting
 - Level 1.7 Dodging
 + Level 0.2 Shields
 * Level 4.5 Unarmed Combat
 - Level 2.0 Spellcasting
 + Level 3.0 Transmutations


You had one spell level left.
You knew the following spells:

 Your Spells              Type           Power        Failure   Level  Hunger
a - Beastly Appendage     Tmut           ##....       11%         1    #......
b - Sticks to Snakes      Tmut           ##......     16%         2    ###....
c - Spider Form           Tmut/Pois      #.........   50%         3    ###....

Your spell library contained the following spells:

 Spells                   Type           Power        Failure   Level  Hunger
 Ice Form                 Ice/Tmut       #.......     88%         4    #####..
 Blade Hands              Tmut           ##........   96%         5    ######.


Dungeon Overview and Level Annotations

Branches:
Dungeon (3/15)

Altars:
Hepliaklqana


Innate Abilities, Weirdness & Mutations

Your plain brown scales are hard. (AC +5)
You cannot fit into any form of body armour.
You are cold-blooded and may be slowed by cold attacks.
You have a pair of horns on your head.


Message History

The orc wizard casts a spell at you. The magic dart hits you!
* * * LOW HITPOINT WARNING * * *
The orc barely misses you. The orc completely misses you.
You hit the orc wizard.
Your tail-slap misses the orc wizard.
The orc wizard is moderately wounded.
The orc priest hits you from afar with a trident!
* * * LOW HITPOINT WARNING * * *
The orc wizard barely misses you. You block the orc's attack.
You are too injured to fight recklessly!
You are too injured to fight recklessly!
You are too injured to fight recklessly!
Unknown command.
You are too injured to fight recklessly!
You hit the orc but do no damage. The orc closely misses you.
The orc priest closely misses you. You block the orc wizard's attack.
The orc closely misses you.
You barely miss the orc. Your headbutt misses the orc.
The orc hits you with a flail of protection.
You die...

█.....█.█
.....█████████.█..██
█.....█.█ █.....█
█...... █.....█.█
█.....█ ████.██
█.....█.█ █>....█ █.██
█.....█.█ █.....██████
█.██ █...[.█.█
█........... █..█
█.....█.███.....█.....
██.█
█.....█.......ooo.....
.█ █████...@oJ..... .█
██████$..... .....
.... ... .. .


You could see an orc priest, an orc wizard, an ooze and 2 orcs.

Vanquished Creatures
  2 adders (D:2)
  2 worms
  3 dart slugs
  A leopard gecko (D:1)
  4 giant cockroaches (D:1)
  8 goblins
  6 hobgoblins
  7 jackals
  4 kobolds (D:1)
  2 quokkas
  2 ball pythons (D:1)
  2 bats
  5 frilled lizards
  4 rats (D:1)
52 creatures vanquished.

Notes
Turn   | Place    | Note
-------+----------+-------------------------------------------
     0 | D:1      | nht the Draconian Transmuter began the quest for the Orb.
     0 | D:1      | Reached XP level 1. HP: 16/16 MP: 3/3
   177 | D:1      | Reached XP level 2. HP: 19/23 MP: 3/5
   408 | D:1      | Reached XP level 3. HP: 11/28 MP: 4/6
  1125 | D:2      | Learned a level 2 spell: Sticks to Snakes
  1129 | D:2      | Learned a level 3 spell: Spider Form
  1140 | D:2      | Reached skill level 4 in Unarmed Combat
  1338 | D:2      | Reached XP level 4. HP: 35/35 MP: 5/7
  1343 | D:2      | Found a hazy altar of Hepliaklqana.
  1966 | D:3      | HP: 1/35 [orc priest/trident (7)]
  1968 | D:3      | Slain by an orc

Vault maps used:
D:1:      minmay_arrival_stone_box, kennysheep_minor_cross
D:2:      nicolae_overflow_crystal_walls, st_stairs_7
D:3:      first_ration, minmay_cut_off, uniq_terence

Skill      XL: |  1  2  3  4 |
---------------+-------------+-----
Unarmed Combat | 4 |  4.5
Transmutations | 3 |  3.0
Fighting       | |  1.1
Dodging        | |  1.7
Shields        | |  0.2
Spellcasting   | |  2.0

Action                   |  1- 3 |  4- 6 || total
-------------------------+-------+-------++-------
Melee: Unarmed           |   122 |    41 ||   163
       Headbutt          |     6 |     4 ||    10
       Tailslap          |     6 |     4 ||    10
       Kick              |     9 |     2 ||    11
       Punch             |     1 |       ||     1
 Cast: Beastly Appendage |    29 |     8 ||    37
  Eat: Chunk             |     2 |     2 ||     4
Armor: Skin              |    35 |     5 ||    40
Dodge: Dodged            |    84 |    20 ||   104
Block: Buckler           |       |     3 ||     3

Table legend:
 A = Non-vault XP
 B = Vault XP
 C = Vault XP percentage of total XP
 D = Non-vault monster count
 E = Vault monster count
 F = Vault count percentage of total count
                 A         B        C        D         E       F
            +---------+---------+-------+---------+---------+-------
      Total |     121 |       2 |   1.6 |      51 |       1 |   1.9
            +---------+---------+-------+---------+---------+-------
        D:1 |      50 |       0 |   0.0 |      29 |       0 |   0.0
        D:2 |      62 |       2 |   3.1 |      19 |       1 |   5.0
        D:3 |       9 |       0 |   0.0 |       3 |       0 |   0.0
            +---------+---------+-------+---------+---------+-------
